 Dungeon Crawl Stone Soup version 0.22-a0-877-g5c4e1afb51 (console) character file.

71 Lexodia the Cudgeler (level 4, 0/48 HPs)
             Began as an Ogre Berserker on July 29, 2018.
             Was a Believer of Trog.
             Slain by an orc wizard
             ... wielding a +0 dagger
              (1 damage)
             ... on level 3 of the Dungeon.
             The game lasted 00:03:10 (2311 turns).

Lexodia the Cudgeler (Ogre Berserker)               Turns: 2311, Time: 00:03:10

Health: 0/48       AC:  3    Str: 22    XL:     4   Next: 24%
Magic:  4/4        EV: 10    Int:  8    God:    Trog [**....]
Gold:   140        SH:  0    Dex:  8    Spells: 3/3 levels left

rFire    . . .     SeeInvis .   a - +0 mace
rCold    . . .     Gourm    .   (no shield)
rNeg     . . .     Faith    .   b - +0 animal skin
rPois    .         Spirit   .   (helmet restricted)
rElec    .         Reflect  .   (no cloak)
rCorr    .         Harm     .   (gloves unavailable)
MR       .....                  (boots unavailable)
Stlth    +.........             (no amulet)
HPRegen  0.16/turn              (no ring)
MPRegen  0.09/turn              (no ring)

@: confused
A: large, unfitting armour, tough skin 1
a: Berserk, Trog's Hand, Renounce Religion


You were on level 3 of the Dungeon.
You worshipped Trog.
Trog was pleased with you.
You were very hungry.

You visited 1 branch of the dungeon, and saw 3 of its levels.

You collected 140 gold pieces.

Inventory:

Hand Weapons
 a - a +0 mace (weapon)
Armour
 b - a +0 animal skin (worn)
Scrolls
 e - 3 scrolls of teleportation {unknown}
 f - a scroll of enchant weapon {unknown}
 g - 2 scrolls of identify {unknown}
 h - 3 scrolls of fog {unknown}
 i - a scroll of magic mapping {unknown}
 l - a scroll of remove curse {unknown}
Potions
 d - a potion of curing {unknown}
 j - a potion of agility {unknown}
 k - 2 potions of degeneration {unknown}
Comestibles
 c - 2 rations


   Skills:
 - Level 4.0 Fighting
 + Level 4.5 Maces & Flails
 - Level 2.6 Dodging


You had 3 spell levels left.
You didn't know any spells.
Your spell library was empty.

Dungeon Overview and Level Annotations

Branches:
Dungeon (3/15)

Altars:
Makhleb
Zin


Innate Abilities, Weirdness & Mutations

You are too large for most types of armour.
You have tough skin. (AC +1)


Message History

The orc wizard hits you but does no damage.
Damage: -4%(-2hp) hp: 63%(30hp)
You bump into the rock wall.
The orc wizard barely misses you. The orc hits you with a dagger.
The orc wizard hits you with a dagger.
The orc wizard hits you but does no damage.
Damage: -8%(-4hp) hp: 55%(26hp)
The orc wizard casts a spell at you. The puff of frost hits you!
The orc wizard hits you with a dagger.
Huge Dmg: -23%(-11hp) hp: 32%(15hp)
You miss the orc wizard. The orc wizard casts a spell at you.
The magic dart hits you!
* * * LOW HITPOINT WARNING * * *
Huge Dmg: -19%(-9hp) hp: 13%(6hp)
You hit the orc wizard.
The orc wizard is heavily wounded.
The orc wizard hits you with a dagger.
* * * LOW HITPOINT WARNING * * *
The orc wizard barely misses you. The orc wizard hits you with a dagger.
You die...

#....(.
#...... ##
####.# #......
..#[.#.#
#......
##.#..#.#
###......
........
......h..
#.#..#%# #<#
#.#..#o# #.#
#...@#.# #.#
####..ooo# #..
#..#..#####.
##.
#..#)....... .
#..#...##### #
#..#.### #
#....#
#.##.######...
#.............


You could see 2 orc wizards and an orc.

Vanquished Creatures
  A gnoll (D:1)
  An adder (D:2)
  2 oozes (D:1)
  A dart slug (D:2)
  2 leopard geckos
  An orc (D:3)
  2 giant cockroaches (D:1)
  5 goblins
  4 hobgoblins
  2 jackals (D:2)
  2 kobolds
  6 bats (D:1)
  6 frilled lizards
  3 rats
38 creatures vanquished.

Notes
Turn   | Place    | Note
-------+----------+-------------------------------------------
     0 | D:1      | Lexodia the Ogre Berserker began the quest for the Orb.
     0 | D:1      | Reached XP level 1. HP: 24/24 MP: 1/1
    51 | D:1      | Reached XP level 2. HP: 26/32 MP: 2/2
    54 | D:1      | Huge Dmg: 9 dmg
    56 | D:1      | Huge Dmg: 5 dmg
    57 | D:1      | Huge Dmg: 4 dmg
    62 | D:1      | Huge Dmg: 4 dmg
   358 | D:1      | Huge Dmg: 8 dmg
   360 | D:1      | Huge Dmg: 5 dmg
   362 | D:1      | Huge Dmg: 4 dmg
   363 | D:1      | Huge Dmg: 4 dmg
   372 | D:1      | Reached XP level 3. HP: 5/39 MP: 3/3
   845 | D:1      | Huge Dmg: 10 dmg
   847 | D:1      | Huge Dmg: 9 dmg
   848 | D:1      | Huge Dmg: 6 dmg
  1392 | D:2      | Reached ** piety under Trog
  1462 | D:2      | Reached XP level 4. HP: 29/48 MP: 4/4
  1558 | D:2      | Found a burning altar of Makhleb.
  1560 | D:2      | Noticed a green death
  1563 | D:2      | Found a glowing silver altar of Zin.
  1986 | D:2      | Noticed an angel
  2310 | D:3      | Huge Dmg: 11 dmg
  2311 | D:3      | Huge Dmg: 9 dmg
  2311 | D:3      | HP: 1/48 [orc wizard/dagger (5)]
  2311 | D:3      | Slain by an orc wizard

Vault maps used:
D:1:      sevenhm_arrival_forest_fort_large_2
D:2:      grunt_temple_overflow_order_and_chaos_2, minmay_lizard_pond

Skill      XL: |  1  2  3 |
---------------+----------+-----
Maces & Flails | 3 4 |  4.5
Fighting       | |  4.0
Dodging        | |  2.6

Action                   |  1- 3 |  4- 6 || total
-------------------------+-------+-------++-------
Melee: Mace              |    92 |    35 ||   127
Invok: Berserk           |     2 |       ||     2
  Eat: Chunk             |     4 |     1 ||     5
Armor: Animal skin       |    48 |    16 ||    64
Dodge: Dodged            |    75 |    17 ||    92

Table legend:
 A = Spawn XP
 B = Non-spawn XP
 C = Spawn XP percentage of total XP
 D = Spawn monster count
 E = Non-spawn monster count
 F = Spawn count percentage of total count
 G = Total turns spent on level
                    A         B        C        D         E        F      G
               +---------+---------+-------+---------+---------+-------+---------
         Total |       0 |     102 |   0.0 |       0 |      38 |   0.0 |  2311
               +---------+---------+-------+---------+---------+-------+---------
           D:1 |       0 |      63 |   0.0 |       0 |      23 |   0.0 |  1339
           D:2 |       0 |      34 |   0.0 |       0 |      13 |   0.0 |   940
           D:3 |       0 |       5 |   0.0 |       0 |       2 |   0.0 |    32
               +---------+---------+-------+---------+---------+-------+---------
